 Dungeon Crawl Stone Soup version 0.28.0-53-g5a82cb258f (webtiles) character file.

Game seed: 3761838193104038533

455 raph the Spear-Bearer (level 7, -8/50 HPs)
             Began as a Merfolk Gladiator on June 17, 2022.
             Mangled by a wyvern (15 damage)
             ... on level 4 of the Dungeon.
             The game lasted 00:04:28 (3189 turns).

raph the Spear-Bearer (Merfolk Gladiator)           Turns: 3189, Time: 00:04:29

Health: -8/50      AC:  6    Str: 14    XL:     7   Next: 5%
Magic:  7/7        EV: 12    Int:  8    God:
Gold:   131        SH:  0    Dex: 17    Spells: 6/6 levels left

rFire   . . .      SeeInvis .   a - +0 trident
rCold   . . .      Faith    .   (no shield)
rNeg    . . .      Spirit   .   j - +0 ring mail
rPois   .          Reflect  .   c - +0 helmet
rElec   .          Harm     .   (no cloak)
rCorr   .          Rampage  .   (no gloves)
Will    .....                   (no boots)
Stlth   +.........              e - amulet of magic regeneration
HPRegen 0.16/turn               (no ring)
MPRegen 0.50/turn               (no ring)

@: no status effects
A: (nimble swimmer 2), mertail
a: no special abilities


You were on level 4 of the Dungeon.
You visited 1 branch of the dungeon, and saw 4 of its levels.

You collected 131 gold pieces.

Inventory:

Hand Weapons
 a - a +0 trident (weapon)
Missiles
 d - 5 throwing nets
 f - 4 silver javelins
 h - 6 poisoned darts (quivered)
Armour
 b - a +0 leather armour
 c - a +0 helmet (worn)
 j - a +0 ring mail (worn)
Jewellery
 e - an amulet of magic regeneration (around neck)
Wands
 l - a wand of charming (10)
Scrolls
 i - a scroll of fog
 n - a scroll of acquirement {unknown}
Potions
 g - a potion of brilliance
 k - a potion of resistance
 m - a potion of flight {unknown}
 o - a potion of lignification


   Skills:
 - Level 2.1 Fighting
 + Level 11.0 Polearms
 - Level 2.0 Throwing
 - Level 4.0 Dodging


You had 6 spell levels left.
You didn't know any spells.
Your spell library contained the following spells:

 Spells                   Type           Power      Damage    Failure   Level
 Beastly Appendage        Tmut           0%         N/A       65%         1
 Wereblood                Tmut           0%         N/A       80%         2
 Spider Form              Tmut/Pois      0%         N/A       95%         3


Dungeon Overview and Level Annotations

Branches:
Dungeon (4/15)
 Temple: D:4-7

Altars:

Shops:
D:2 [   D:4 :

Annotations:
D:3 Sigmund
D:4 2 transporters, xtzero's ghost, amateur HOFi


Innate Abilities, Weirdness & Mutations

((You are very nimble when in or above water. (Stealth+, EV+, Speed+++)))
Your lower body shifts to a powerful aquatic tail in water.


Message History

The wyvern is heavily wounded.
The wyvern bites you.
You hit the wyvern but do no damage.
The wyvern is heavily wounded.
The wyvern bites you.
You are too injured to fight recklessly!
You are too injured to fight recklessly!
You are too injured to fight recklessly!
You are too injured to fight recklessly!
You are too injured to fight recklessly!
You are too injured to fight recklessly!
You are too injured to fight recklessly!
You are too injured to fight recklessly!
You are too injured to fight recklessly!
You are too injured to fight recklessly!
You are too injured to fight recklessly!
You hit the wyvern but do no damage.
The wyvern is heavily wounded.
The wyvern closely misses you.
You hit the wyvern.
The wyvern is heavily wounded.
The wyvern bites you.
You barely miss the wyvern.
The wyvern is heavily wounded.
The wyvern bites you but does no damage.
You closely miss the wyvern.
The wyvern is heavily wounded.
The wyvern bites you but does no damage.
You hit the wyvern but do no damage.
The wyvern is heavily wounded.
The wyvern bites you but does no damage.
You hit the wyvern but do no damage.
The wyvern is heavily wounded.
The wyvern bites you!
* * * LOW HITPOINT WARNING * * *
Aiming: Charm
Press: ? - help, Shift-Dir - straight line, f - wyvern
Aim: a wyvern (heavily wounded, chance to affect: 49%)
The wyvern resists with some effort.
The wyvern bites you!
You die...

##...## *,**,**,*,,* ##'##
*,**,**,*,,* #.#
*,**,,,,*,,* #.#
*,**,,***,,* ##.## *,**,,*
*,,* ****#####...##
*,**,,***,,* *,,..........#
*,,,,,,,,,,*
*,*######...#########.#*****
,,* #.......@l....# ***
###############


You could see a wyvern.

Vanquished Creatures
  Grinder (D:4)
  A necrophage (D:4)
  A hound (D:4)
  A gnoll (D:4)
  5 adders
  3 dart slugs
  8 ball pythons
  A bat (D:2)
  7 endoplasms
  5 giant cockroaches
  4 goblins
  7 hobgoblins
  9 jackals
  A kobold (D:1)
  3 quokkas (D:2)
  2 frilled lizards (D:2)
  3 rats
62 creatures vanquished.

Vanquished Creatures (collateral kills)
  A gnoll (D:4)
1 creature vanquished.

Vanquished Creatures (others)
  A gnoll (D:4)
  13 plants (D:4)
14 creatures vanquished.

Grand Total: 77 creatures vanquished

Notes
Turn   | Place    | Note
-------+----------+-------------------------------------------
     0 | D:1      | raph the Merfolk Gladiator began the quest for the Orb.
     0 | D:1      | Reached XP level 1. HP: 16/16 MP: 1/1
   227 | D:1      | Reached skill level 5 in Polearms
   314 | D:1      | Reached XP level 2. HP: 21/22 MP: 2/2
   434 | D:1      | Found a faded altar of an unknown god.
   778 | D:2      | Found Oregef's Armour Emporium.
   842 | D:2      | Reached skill level 6 in Polearms
   842 | D:2      | Reached XP level 3. HP: 26/27 MP: 3/3
  1351 | D:2      | Reached XP level 4. HP: 32/33 MP: 4/4
  1369 | D:2      | Reached skill level 7 in Polearms
  1601 | D:3      | Noticed Sigmund
  2049 | D:4      | Found a transporter.
  2059 | D:4      | Noticed xtzero's ghost (amateur HOFi)
  2174 | D:4      | Noticed a necrophage
  2290 | D:4      | Found a transporter.
  2413 | D:4      | Killed a necrophage
  2414 | D:4      | Reached skill level 8 in Polearms
  2414 | D:4      | Reached XP level 5. HP: 34/38 MP: 5/5
  2553 | D:4      | Found Zucezeim's Book Shoppe.
  2673 | D:4      | Reached skill level 9 in Polearms
  2721 | D:4      | Reached XP level 6. HP: 44/44 MP: 6/6
  2841 | D:4      | Noticed Grinder
  2855 | D:4      | Paralysed by Grinder for 3 turns
  2860 | D:4      | Killed Grinder
  2861 | D:4      | Reached skill level 11 in Polearms
  2861 | D:4      | Reached XP level 7. HP: 50/50 MP: 7/7
  3173 | D:4      | Noticed a wyvern
  3189 | D:4      | Mangled by a wyvern

Illustrated notes

Levels and vault maps discovered:
D:1:      ncdulo_halloftheorcs, layout_loops_cross,
          shapermc_ecumenical_altar_mp_ritualfount, hangedman_decor_riveting
D:2:      minmay_inner_zag, layout_basic, serial_shops, shop,
          nicolae_concentric_dashed_squares_mild
D:3:      layout_loops_ring, mainiacjoe_overflow_concentric_impassable,
          kennysheep_potato, uniq_sigmund
D:4:      layout_loops_corners, gammafunk_ghost_gnarly_gnolls, serial_shops,
          kennysheep_little_box, nicolae_grassy_gnolls, uniq_grinder

Skill      XL: |  1  2  3  4  5  6 |
---------------+-------------------+-----
Polearms       | 5 6 8 9 11 | 11.0
Fighting       | |  2.1
Throwing       | |  2.0
Dodging        | |  4.0

Action                   |  1- 3 |  4- 6 |  7- 9 || total
-------------------------+-------+-------+-------++-------
Melee: Trident           |    87 |   119 |    18 ||   224
       Punch             |     1 |       |       ||     1
Throw: Javelin           |       |     2 |       ||     2
       Dart              |       |     1 |       ||     1
Evoke: Wand              |       |     1 |     1 ||     2
  Use: Scroll            |     4 |     4 |     1 ||     9
       Potion            |       |     1 |       ||     1
 Stab: Sleeping          |     1 |       |       ||     1
Armor: Leather armour    |     2 |       |       ||     2
       Ring mail         |    23 |    26 |     5 ||    54
Dodge: Dodged            |    31 |    54 |     8 ||    93
